 Dungeon Crawl Stone Soup version 0.29-a0-648-g6b26cc9f40 (webtiles) character file.

Game seed: 13657717721521038417

19054 zeratav the Marksspriggan (level 12, -8/60 (67) HPs)
             Began as a Spriggan Arcane Marksman on June 20, 2022.
             Was a High Priest of Dithmenos.
             Killed from afar by Nergalle (20 damage)
             ... with a bolt of negative energy
             ... on level 2 of the Orcish Mines on June 21, 2022.
             The game lasted 00:48:43 (16163 turns).

zeratav the Marksspriggan (SpAM)                   Turns: 16163, Time: 00:48:43

HP:   -8/60 (67)    AC: 15    Str:  6    XL:     12   Next: 33%
MP:   15/15         EV: 25    Int: 14    God:    Dithmenos [*****.]
Gold: 1919          SH:  0    Dex: 21    Spells: 12/13 levels left

rFire   . . .      SeeInvis +   a - +0 shortbow {bow}
rCold   . . .      Faith    .   (shield currently unavailable)
rNeg    . . .      Spirit   .   D - +2 robe {Will+}
rPois   .          Reflect  .   (helmet restricted)
rElec   .          Harm     .   C - +2 cloak
rCorr   .          Rampage  .   (gloves unavailable)
Will    +++..                   (boots unavailable)
Stlth   +++++.....              v - amulet of regeneration {@e2}
HPRegen 1.00/turn               Q - +4 ring of protection
MPRegen 0.14/turn               L - +4 ring of protection

@: wreathed by umbra, studying Shields, heavily drained, very quick
A: very small, no large weapons, unfitting armour, see invisible, speed 3
a: Renounce Religion, Shadow Step, Shadow Form


You were on level 2 of the Orcish Mines.
You worshipped Dithmenos.
Dithmenos was extremely pleased with you.
You visited 3 branches of the dungeon, and saw 14 of its levels.
You also visited: Sewer and Bailey.

You collected 1987 gold pieces.
You spent 68 gold pieces at shops.


Innate Abilities, Weirdness & Mutations

You are very small and have problems with some larger weapons.
You are too small for most types of armour.
You have supernaturally acute eyesight. (SInv)
You cover ground extremely quickly. (Speed+++)


   Skills:
 - Level 10.0 Fighting
 - Level 16.0 Bows
 - Level 1.8 Crossbows
 - Level 10.0 Dodging
 - Level 5.0 Stealth
 - Level 1.3 Spellcasting
 + Level 8.3 Hexes


You had 12 spell levels left.
You knew the following spells:

 Your Spells              Type           Power      Damage    Failure   Level
a - Slow                  Hex            96%        N/A       1%          1

Your spell library contained the following spells:

 Spells                   Type           Power      Damage    Failure   Level
 Ensorcelled Hibernation  Hex/Ice        24%        N/A       7%          2
 Cause Fear               Hex            12%        N/A       9%          4
 Inner Flame              Hex/Fire       12%        N/A       14%         3
 Portal Projectile        Hex/Tloc       24%        N/A       14%         3
 Beastly Appendage        Tmut           0%         N/A       26%         1
 Passwall                 Tmut/Erth      0%         N/A       36%         2
 Wereblood                Tmut           0%         N/A       36%         2
 Spider Form              Tmut/Pois      0%         N/A       58%         3
 Swiftness                Air            0%         N/A       58%         3
 Chain Lightning          Conj/Air       0%         N/A       100%        9
 Fire Storm               Conj/Fire      0%         5d1       100%        9
 Shatter                  Erth           0%         3d5*      100%        9

Inventory:

Hand Weapons
 a - a +0 shortbow (weapon) {bow}
 I - a +0 arbalest {crossbow}
   (You took it off an orc warrior in a bailey)
Missiles
 H - 11 curare-tipped darts {=fthrowing}
Armour
 o - a +0 robe of resistance
   (You took it off an orc wizard on level 8 of the Dungeon)
 C - a +2 cloak (worn)
   (You found it on level 5 of the Dungeon)
 D - a +2 robe of willpower (worn)
   (You took it off an orc sorcerer on level 2 of the Orcish Mines)
 N - +0 acid dragon scales
   (You found it on level 10 of the Dungeon)
Jewellery
 e - a ring of wizardry
   (You found it on level 1 of the Dungeon)
 n - a +6 ring of intelligence
   (You found it on level 2 of the Dungeon)
 s - an amulet of faith {!P}
   (You found it on level 6 of the Dungeon)
 v - an amulet of regeneration (around neck) {@e2}
   (You found it on level 4 of the Dungeon)
 x - a ring of protection from fire
   (You found it on level 4 of the Dungeon)
 F - a ring of resist corrosion
   (You found it on level 7 of the Dungeon)
 L - a +4 ring of protection (right hand)
   (You found it on level 8 of the Dungeon)
 O - a ring of poison resistance
   (You found it on level 9 of the Dungeon)
 Q - a +4 ring of protection (left hand)
   (You found it on level 8 of the Dungeon)
Wands
 w - a wand of paralysis (10)
   (You found it on level 4 of the Dungeon)
 A - a wand of flame (28)
   (You found it on level 5 of the Dungeon)
 G - a wand of iceblast (1)
   (You took it off a kobold brigand on level 7 of the Dungeon)
 K - a wand of acid (4)
   (You took it off an orc on level 8 of the Dungeon)
 M - a wand of digging (7)
   (You found it on level 8 of the Dungeon)
Scrolls
 c - 2 scrolls of vulnerability {!r!r}
 f - 5 scrolls of magic mapping {!r}
 g - 8 scrolls of teleportation {@r4}
 h - 2 scrolls of poison {!r}
 k - 2 scrolls of enchant weapon
 l - 2 scrolls of fog
 p - 4 scrolls of fear
 u - 3 scrolls of blinking {!r}
 y - a scroll of immolation {!r!r}
 E - 2 scrolls of amnesia
 J - 2 scrolls of enchant armour
 P - 2 scrolls of identify {@r1}
Potions
 b - 8 potions of heal wounds {@q2}
 d - 7 potions of mutation {!q}
 i - 4 potions of lignification {!q}
 j - 4 potions of curing {@q1}
 m - 5 potions of brilliance
 t - a potion of berserk rage {!q}
 z - 2 potions of resistance
 B - 2 potions of ambrosia

Dungeon Overview and Level Annotations

Branches:
Dungeon (11/15) Zot: 26829  Temple (1/1) D:4 Zot: 5635     Orc (2/2) D:11 Zot: 10768
    Elf (0/3) Orc:2         Sewer (visited)          Bailey (visited)
   Lair: D:8-11

Altars:
Ashenzari
Cheibriados
Dithmenos
Elyvilon
Fedhas
Gozag
Hepliaklqana
Kikubaaqudgha
Makhleb
Nemelex Xobeh
Okawaru
Qazlal
Ru
Sif Muna
Trog
Uskayaw
Vehumet
Wu Jian
Xom
Yredelemnul
Zin
The Shining One
Beogh

Shops:
D:1 !   Orc:1 ?(*(   Orc:2 ::

Portals:
Trove: D:10 (give +3 ice dragon scales)

Annotations:
D:4 2 transporters
D:7 Kaemin's ghost, novice MiBe
Orc:1 2 transporters, croobank's ghost, journeyman GnDe
Orc:2 Nergalle

§###§§≈≈)..≈≈≈≈###≈
###∩###§≈...≈≈###∩### ##
#.....#≈≈...≈§#.....#
#≈###§§#..##≈...≈##..#..#
#≈≈#..≈#§).#≈..)≈#..≈#≈..
#≈≈#.§≈#≈..#§.))≈#..§#≈§.
##≈≈8..§#≈..#.....#..≈#§§.
#≈≈≈....#......8..)...#...
#≈≈≈≈)...@...........).§..
#≈§≈≈..)............§§§§..
#≈≈§≈..≈§≈≈≈≈≈§≈≈≈≈≈≈≈§≈..
#≈≈≈.oo≈###############≈..
##≈§4..Z# ≈.. #§§.8..# ..8
#§§....# .. #≈#+#'## +# ##
)..


You could see Nergalle, an ice devil (summoned), a spectral orc warrior
(summoned) and an orc sorcerer (fast).


Message History

Your shadow shoots an arrow.
The arrow hits Nergalle but does no damage.
The spectral orc warrior completely misses you.
The orc sorcerer hits you with a +0 dagger.
HP[-1]
You take 1 damage, and now have 61/66 hp.
Nergalle hits you with a +0 dagger. The spectral orc warrior misses you.
Shoot: a) +0 shortbow {bow}
Press: ? - help, Q - select action, (/) - cycle Shift-Dir - straight line, f/p - Nergalle
Aim: Nergalle, wielding a +0 dagger and wearing a +0 robe (heavily wounded, umbra, 71% to hit)
You shoot an arrow. The arrow barely misses Nergalle.
Nergalle points at you and mumbles some strange words.
The bolt of negative energy misses you.
The orc sorcerer gestures at you while chanting.
The bolt of fire misses you.
HP[+1] Shoot: a) +0 shortbow {bow}
Press: ? - help, Q - select action, (/) - cycle Shift-Dir - straight line, f/p - Nergalle
Aim: Nergalle, wielding a +0 dagger and wearing a +0 robe (heavily wounded, umbra, 71% to hit)
You shoot an arrow. The arrow hits Nergalle.
Your shadow shoots an arrow.
The arrow hits Nergalle.
The spectral orc warrior misses you. The orc sorcerer barely misses you.
Shoot: a) +0 shortbow {bow}
Press: ? - help, Q - select action, (/) - cycle Shift-Dir - straight line, f/p - Nergalle
Aim: Nergalle, wielding a +0 dagger and wearing a +0 robe (severely wounded, umbra, 71% to hit)
You shoot an arrow. The arrow closely misses Nergalle.
Nergalle completely misses you. The orc sorcerer misses you.
The spectral orc warrior misses you.
HP[+1] Shoot: a) +0 shortbow {bow}
Press: ? - help, Q - select action, (/) - cycle Shift-Dir - straight line, f/p - Nergalle
Aim: Nergalle, wielding a +0 dagger and wearing a +0 robe (severely wounded, umbra, 71% to hit)
You shoot an arrow. The arrow barely misses Nergalle.
The orc sorcerer completely misses you. Nergalle completely misses you.
The spectral orc warrior closely misses you.
HP[+1] Shoot: a) +0 shortbow {bow}
Press: ? - help, Q - select action, (/) - cycle Shift-Dir - straight line, f/p - Nergalle
Aim: Nergalle, wielding a +0 dagger and wearing a +0 robe (severely wounded, umbra, 71% to hit)
You shoot an arrow. The arrow closely misses Nergalle.
The orc sorcerer hits you with a +0 dagger.
Nergalle hits you but does no damage.
HP[-1]
You take 1 damage, and now have 63/66 hp.
Shoot: a) +0 shortbow {bow}
Press: ? - help, Q - select action, (/) - cycle Shift-Dir - straight line, f/p - Nergalle
Aim: Nergalle, wielding a +0 dagger and wearing a +0 robe (severely wounded, umbra, 71% to hit)
You shoot an arrow. The arrow hits Nergalle.
Your shadow shoots an arrow.
The arrow closely misses Nergalle.
The orc sorcerer points at you and mumbles some strange words.
The bolt of fire misses you.
The spectral orc warrior hits you with a +0 short sword.
You feel drained.
You hear a shout!
HP[-3]
You now have 65 max hp (-1).
You take 3 damage, and now have 60/65 hp.
Shoot: a) +0 shortbow {bow}
Press: ? - help, Q - select action, (/) - cycle Shift-Dir - straight line, f/p - Nergalle
Aim: Nergalle, wielding a +0 dagger and wearing a +0 robe (severely wounded, umbra, 71% to hit)
You shoot an arrow. The arrow hits Nergalle.
You hear a shout! x2
The orc sorcerer misses you. Nergalle hits you with a +0 dagger.
The spectral orc warrior hits you with a +0 short sword!
You feel drained.
HP[-9]
You now have 63 max hp (-2).
You take 9 damage, and now have 51/63 hp.
Shoot: a) +0 shortbow {bow}
Press: ? - help, Q - select action, (/) - cycle Shift-Dir - straight line, f/p - Nergalle
Aim: Nergalle, wielding a +0 dagger and wearing a +0 robe (severely wounded, umbra, 71% to hit)
You shoot an arrow. The arrow barely misses Nergalle.
The orc sorcerer points at you and mumbles some strange words.
The bolt of fire hits you!!
* * * LOW HITPOINT WARNING * * *
Nergalle hits you but does no damage.
HP[-27]
You take 27 damage, and now have 24/63 hp.
MASSIVE DAMAGE!! (PAUSE) Shoot: a) +0 shortbow {bow}
Press: ? - help, Q - select action, (/) - cycle Shift-Dir - straight line, f/p - Nergalle
Aim: Nergalle, wielding a +0 dagger and wearing a +0 robe (severely wounded, umbra, 71% to hit)
You shoot an arrow.
The arrow hits Nergalle but does no damage.
Your shadow shoots an arrow.
The arrow hits Nergalle.
The orc sorcerer hits you but does no damage.
The spectral orc warrior barely misses you.
HP[+1] HP[+1]
The orc sorcerer casts a spell at you. The bolt of fire hits you!
* * * LOW HITPOINT WARNING * * *
Things that are here:
a +0 dagger {short}; a +0 robe; an orc corpse HP[-15]
You take 15 damage, and now have 11/63 hp.
MASSIVE DAMAGE!! (PAUSE) Nergalle casts a spell at you.
The bolt of negative energy hits you!!
You feel drained.
You die...

Skill      XL: |  1  2  3  4  5  6  7  8  9 10 11 12 |
---------------+-------------------------------------+-----
Stealth        | 2 4 5 |  5.0
Bows           | 3 5 6 8 10 11 12 14 16 | 16.0
Fighting       | 1 3 5 7 9 10 | 10.0
Dodging        | 3 6 9 10 | 10.0
Crossbows      | 1 |  1.8
Hexes          | 8 |  8.3
Spellcasting   | |  1.3

Action                   |  1- 3 |  4- 6 |  7- 9 | 10-12 || total
-------------------------+-------+-------+-------+-------++-------
 Fire: Shortbow          |   136 |   114 |   681 |  1043 ||  1974
       Arbalest          |       |       |     8 |    41 ||    49
 Cast: Slow              |     1 |     7 |    23 |    22 ||    53
  Use: Scroll            |       |       |       |    18 ||    18
Armor: Robe              |    11 |       |    10 |    26 ||    47
Dodge: Dodged            |    51 |    12 |   250 |   285 ||   598

Levels and vault maps discovered:
D:1:      evilmike_arrival_hilbert_curve, layout_basic,
          hellmonk_ecumenical_altar_watching_god, serial_shops,
          nicolae_shop_advertising_works [nicolae_subvault_shop_adworks]
D:2:      layout_loops_corners, grunt_ministairs_14
D:3:      layout_basic, mainiacjoe_overflow_cross_hatched,
          hellmonk_ghost_happy_afterlife
D:4:      layout_loops_ring, minmay_temple_entry_from_below_b,
          gammafunk_ghost_gnarly_gnolls, minivault_19
D:5:      layout_basic
D:6:      layout_loops_corners, cheibrodos_sewer_entry_sluice
D:7:      layout_cave_pods, gammafunk_ghost_nasty_kobolds, eino_jars
D:8:      layout_rooms, enter_bailey_3, kennysheep_nub,
          small_chamber_with_monster
D:9:      layout_loops_ring
D:10:     layout_long_grid, nicolae_trove_entry_path_of_doom, uniq_lodul
D:11:     layout_cave_pods, lair_entry_dummy, orc_0_dummy
Temple:   mainiacjoe_temple_starburst
Orc:1:    layout_caves, gammafunk_ghost_berserking_beasts, serial_shops,
          nicolae_square_shop, shop, shop, shop_fountains, roderic_batcave
Orc:2:    kennysheep_orc_mage_school, layout_diamond_mine, mines2_david

Notes
Turn   | Place    | Note
-------+----------+-------------------------------------------
     0 | D:1      | zeratav the Spriggan Arcane Marksman began the quest for
                  | the Orb.
     0 | D:1      | Reached XP level 1. HP: 9/9 MP: 3/3
     0 | D:1      | magus.rc [v1.9.6]
    28 | D:1      | Reached skill level 1 in Stealth
    87 | D:1      | Reached skill level 2 in Stealth
   105 | D:1      | Noticed a great orb of eyes
   106 | D:1      | Noticed a floating eye
   108 | D:1      | Found a faded altar of an unknown god.
   110 | D:1      | Noticed an eye of devastation
   147 | D:1      | Found Nosara's Distillery.
   174 | D:1      | Reached XP level 2. HP: 11/14 MP: 5/5
   245 | D:1      | Reached skill level 3 in Stealth
   280 | D:1      | Bought a potion of degeneration for 14 gold pieces
   684 | D:1      | You pick up a book of Annihilations and begin reading...
   684 | D:1      | You add the spells Chain Lightning, Fire Storm and Shatter
                  | to your library.
   869 | D:1      | Reached skill level 4 in Stealth
  1084 | D:1      | Noticed a golden eye
  1160 | D:1      | Reached XP level 3. HP: 15/17 MP: 6/6
  1520 | D:2      | Identified a +0 crystal plate armour
  1521 | D:2      | k - a +0 crystal plate armour {rare=g}
  1988 | D:2      | You pick up a book of Changes and begin reading...
  1988 | D:2      | You add the spells Beastly Appendage, Wereblood and Spider
                  | Form to your library.
  2071 | D:2      | Reached skill level 5 in Stealth
  2362 | D:3      | Found a runed translucent door.
  2365 | D:3      | Noticed zhov's ghost (amateur SpHu)
  2384 | D:3      | Found a hazy altar of Hepliaklqana.
  2409 | D:3      | Reached skill level 3 in Bows
  2602 | D:3      | Reached XP level 4. HP: 21/21 MP: 7/7
  2895 | D:3      | Reached skill level 4 in Bows
  3505 | D:3      | Killed zhov's ghost
  3506 | D:3      | Reached skill level 5 in Bows
  3506 | D:3      | Reached XP level 5. HP: 25/25 MP: 4/8
  3617 | D:4      | You pick up a book of Burglary and begin reading...
  3617 | D:4      | You add the spells Passwall, Ensorcelled Hibernation and
                  | Swiftness to your library.
  3642 | D:4      | Reached skill level 6 in Bows
  3852 | D:4      | Found a transporter.
  3912 | D:4      | Reached XP level 6. HP: 29/29 MP: 9/9
  3949 | D:4      | Found a transporter.
  4041 | D:4      | Reached skill level 7 in Bows
  4158 | D:4      | Found a staircase to the Ecumenical Temple.
  4562 | D:5      | Entered Level 5 of the Dungeon
  4809 | D:5      | Reached skill level 8 in Bows
  4947 | D:5      | Reached XP level 7. HP: 32/32 MP: 10/10
  5376 | Temple   | Entered the Ecumenical Temple
  5920 | Temple   | Became a worshipper of Dithmenos the Shadowed
  5978 | D:4      | You drop a +0 crystal plate armour {rare=g}.
  6319 | D:6      | Found a glowing drain.
  6342 | D:6      | Reached skill level 9 in Bows
  6347 | Sewer    | Entered a sewer
  6656 | Sewer    | Reached * piety under Dithmenos
  6836 | Sewer    | Reached skill level 10 in Bows
  6836 | Sewer    | Reached skill level 1 in Fighting
  6863 | Sewer    | Reached skill level 3 in Dodging
  6870 | Sewer    | Reached XP level 8. HP: 37/37 MP: 11/11
  7004 | D:6      | Reached skill level 2 in Fighting
  7004 | D:6      | Reached skill level 4 in Dodging
  7448 | D:6      | Reached skill level 5 in Dodging
  7730 | D:7      | Reached skill level 3 in Fighting
  7783 | D:7      | Reached skill level 11 in Bows
  7948 | D:7      | Reached skill level 6 in Dodging
  7986 | D:7      | Identified the +6 hand axe "Fidwiog" {freeze, rElec rC+ rN+
                  | SInv}
  8104 | D:7      | Found a runed translucent gate.
  8105 | D:7      | Found a runed translucent gate.
  8106 | D:7      | Found a runed translucent gate.
  8115 | D:7      | Noticed Kaemin's ghost (novice MiBe)
  8288 | D:7      | Reached ** piety under Dithmenos
  8289 | D:7      | Reached XP level 9. HP: 27/45 MP: 12/12
  8620 | D:7      | Reached skill level 4 in Fighting
  8630 | D:7      | HP: 11/45 [poisoned by a kobold brigand (curare-tipped
                  | dart)]
  8635 | D:7      | HP: 8/45 [poisoned by a kobold brigand (curare-tipped
                  | dart)]
  8640 | D:7      | HP: 4/45 [poisoned by a kobold brigand]
  8645 | D:7      | HP: 4/45 [poisoned by a kobold brigand]
  8676 | D:7      | HP: 6/45 [kobold brigand/iceblast (9)]
  8706 | D:7      | Reached skill level 7 in Dodging
  9481 | D:8      | Reached skill level 12 in Bows
  9492 | D:8      | Reached skill level 8 in Dodging
  9516 | D:8      | Found a flagged portal.
  9530 | Bailey   | Entered a bailey
  9578 | Bailey   | Reached skill level 5 in Fighting
 10458 | Bailey   | Noticed an orc knight
 10458 | Bailey   | Noticed an orc knight
 10813 | Bailey   | Killed an orc knight
 10814 | Bailey   | Reached skill level 9 in Dodging
 10814 | Bailey   | Reached XP level 10. HP: 35/52 MP: 13/13
 10831 | Bailey   | HP: 13/52 [orc warrior/+0 halberd (18)]
 11079 | Bailey   | Killed an orc knight
 11080 | Bailey   | Reached skill level 1 in Crossbows
 11393 | D:8      | Reached skill level 6 in Fighting
 11505 | D:8      | Noticed a two-headed ogre
 11567 | D:8      | Killed a two-headed ogre
 11568 | D:8      | Reached skill level 13 in Bows
 11568 | D:8      | Reached skill level 10 in Dodging
 11634 | D:8      | You fall into a shaft and drop 2 floors!
 11634 | D:10     | Entered Level 10 of the Dungeon
 11696 | D:10     | Reached *** piety under Dithmenos
 11985 | D:10     | Noticed Lodul
 12011 | D:10     | Reached skill level 7 in Fighting
 12192 | D:10     | Reached skill level 14 in Bows
 12472 | D:10     | Reached XP level 11. HP: 58/58 MP: 14/14
 12662 | D:10     | Found a portal to a secret trove of treasure.
 12767 | D:10     | This trove needs +3 ice dragon scales to function. Give it
                  | the item?
 12767 | D:10     | This trove needs +3 ice dragon scales to function. Give it
                  | the item?
 12767 | D:10     | This trove needs +3 ice dragon scales to function. Give it
                  | the item?
 12767 | D:10     | This trove needs +3 ice dragon scales to function. Give it
                  | the item?
 12767 | D:10     | This trove needs +3 ice dragon scales to function. Give it
                  | the item?
 13121 | D:9      | Reached **** piety under Dithmenos
 13130 | D:9      | Reached skill level 8 in Fighting
 13288 | D:9      | Noticed a two-headed ogre
 13312 | D:9      | Killed a two-headed ogre
 13313 | D:9      | Reached skill level 15 in Bows
 13340 | D:9      | Noticed a two-headed ogre
 13394 | D:9      | Killed a two-headed ogre
 14026 | D:10     | Killed Lodul
 14034 | D:11     | Found a staircase to the Orcish Mines.
 14232 | D:11     | Reached skill level 9 in Fighting
 14282 | Orc:1    | Entered Level 1 of the Orcish Mines
 14333 | Orc:1    | Found Mitatutt's Magic Scroll Boutique.
 14339 | Orc:1    | Found a transporter.
 14343 | Orc:1    | Found Wyrabuj's Weapon Shop.
 14344 | Orc:1    | Bought a scroll of identify for 30 gold pieces
 14374 | Orc:1    | Found Qoxitokk's Assorted Antiques.
 14400 | Orc:1    | Reached ***** piety under Dithmenos
 14471 | Orc:1    | Bought a scroll labelled QUNUBLE TULEA for 24 gold pieces
 14510 | Orc:1    | Found a transporter.
 14515 | Orc:1    | Noticed croobank's ghost (journeyman GnDe)
 14701 | Orc:1    | Found Paox's Antique Weapon Boutique.
 14707 | Orc:1    | Noticed an orc knight
 14797 | Orc:1    | Reached skill level 16 in Bows
 14876 | Orc:1    | Killed an orc knight
 15016 | Orc:1    | Noticed a two-headed ogre
 15075 | Orc:1    | Killed a two-headed ogre
 15228 | Orc:2    | Entered Level 2 of the Orcish Mines
 15232 | Orc:2    | Reached XP level 12. HP: 67/67 MP: 15/15
 15278 | Orc:2    | Reached skill level 10 in Fighting
 15299 | Orc:2    | Found a staircase to the Elven Halls.
 15311 | Orc:2    | Reached skill level 4 in Hexes
 15390 | Orc:2    | Reached skill level 5 in Hexes
 15649 | Orc:2    | Reached skill level 6 in Hexes
 15948 | Orc:2    | Reached skill level 7 in Hexes
 15987 | Orc:2    | Found Ydwiwn's Book Shoppe.
 16067 | Orc:2    | Found Inis's Book Emporium.
 16100 | Orc:2    | Reached skill level 8 in Hexes
 16125 | Orc:2    | Found an ancient bone altar of Kikubaaqudgha.
 16126 | Orc:2    | Noticed Nergalle
 16161 | Orc:2    | HP: 11/63 [orc sorcerer/bolt of fire (16)]
 16163 | Orc:2    | Killed from afar by Nergalle

Vanquished Creatures
  4 two-headed ogres
  Lodul (D:10)
  3 orc knights
  A cyclops (Orc:2)
  5 orc sorcerers (Orc:2)
  2 guardian mummies (D:10)
  3 trolls
  2 shadows (D:10)
  A wyvern (D:9)
  15 yaks
  A steam dragon (D:9)
  2 acid dragons (D:10)
  A warg (Orc:1)
  A water moccasin (D:8)
  The ghost of zhov the Shooter, an amateur SpHu (D:3)
  20 orc warriors
  2 ice beasts
  18 ogres
  A centaur (D:10)
  2 phantoms
  16 kobold brigands
  4 bullfrogs
  A necrophage (D:8)
  A scorpion (D:5)
  16 wights
  7 killer bees (D:7)
  2 vampire bats (Orc:1)
  2 howler monkeys (D:9)
  14 orc priests
  A jelly (D:4)
  A gnoll shaman (D:9)
  3 hounds
  25 orc wizards
  5 iguanas
  9 gnolls
  2 river rats (D:6)
  6 adders
  A shadow imp (D:7)
  2 white imps
  4 worms (Sewer)
  2 dart slugs
  66 orcs
  16 bats
  9 endoplasms
  4 giant cockroaches
  10 goblins
  5 hobgoblins
  3 jackals (D:1)
  2 quokkas
  7 ball pythons
  A frilled lizard (D:1)
  11 kobolds
  4 rats
348 creatures vanquished.

Vanquished Creatures (others)
  2 fungi (D:7)
  8 plants
10 creatures vanquished.

Grand Total: 358 creatures vanquished

Table legend:
 A = Non-vault XP
 B = Vault XP
 C = Vault XP percentage of total XP
 D = Non-vault monster count
 E = Vault monster count
 F = Vault count percentage of total count
                 A         B        C        D         E       F
            +---------+---------+-------+---------+---------+-------
      Total |   17483 |    9738 |  35.8 |     235 |     113 |  32.5
            +---------+---------+-------+---------+---------+-------
        D:1 |      43 |       0 |   0.0 |      24 |       0 |   0.0
        D:2 |      20 |       3 |  13.0 |       6 |       2 |  25.0
        D:3 |      65 |     142 |  68.6 |      15 |       1 |   6.2
        D:4 |     221 |       0 |   0.0 |       9 |       0 |   0.0
        D:5 |     260 |       0 |   0.0 |      10 |       0 |   0.0
        D:6 |     548 |      30 |   5.2 |      11 |       3 |  21.4
        D:7 |     689 |    1404 |  67.1 |      14 |      17 |  54.8
        D:8 |    1745 |      44 |   2.5 |      24 |       5 |  17.2
        D:9 |    4416 |       0 |   0.0 |      32 |       0 |   0.0
       D:10 |    1782 |    2477 |  58.2 |      15 |      12 |  44.4
       D:11 |    1247 |       0 |   0.0 |       8 |       0 |   0.0
      Orc:1 |    3404 |     127 |   3.6 |      34 |       9 |  20.9
      Orc:2 |    3043 |    2429 |  44.4 |      33 |      18 |  35.3
      Sewer |       0 |     666 | 100.0 |       0 |      28 | 100.0
     Bailey |       0 |    2416 | 100.0 |       0 |      18 | 100.0
            +---------+---------+-------+---------+---------+-------

Illustrated notes

Table legend:
 A = Kills in this place as a percentage of kills in entire the game.
 B = Kills by you in this place as a percentage of kills by you in the entire game.
 C = Kills by friends in this place as a percentage of kills by friends in the entire game.
 D = Other kills in this place as a percentage of other kills in the entire game.
 E = Experience gained in this place as a percentage of experience gained in the entire game.
 F = Experience gained in this place divided by the number of levels of this place that you have seen.
                   A       B       C       D       E      F
               +-------+-------+-------+-------+-------+----------------------
         Total | 100.0 | 100.0 |   N/A |   N/A | 100.0 | 1701.3
       Dungeon |  59.8 |  59.8 |   N/A |   N/A |  55.6 | 1376.0
  Orcish Mines |  27.0 |  27.0 |   N/A |   N/A |  33.1 | 4501.5
         Sewer |   8.0 |   8.0 |   N/A |   N/A |   2.4 | 666.0
        Bailey |   5.2 |   5.2 |   N/A |   N/A |   8.9 | 2416.0
               +-------+-------+-------+-------+-------+----------------------

Table legend: (Time is in decaauts)
 A = Elapsed time spent in this place.
 B = Non-inter-level travel time spent in this place.
 C = Inter-level travel time spent in this place.
 D = Time resting spent in this place.
 E = Time spent auto-exploring this place.
 F = Levels seen in this place.
 G = Mean time per level.
                   A        B        C        D        E       F      G
               +--------+--------+--------+--------+--------+-----+--------+
         Total |  11409 |  11030 |    379 |   1063 |   5738 |  16 |  713.1 |
       Dungeon |   7897 |   7599 |    298 |    662 |   4439 |  11 |  717.9 |
        Temple |    364 |    300 |     64 |      0 |    290 |   1 |  364.0 |
  Orcish Mines |   1231 |   1215 |     16 |     42 |    496 |   2 |  615.5 |
         Sewer |    581 |    581 |      0 |      0 |    429 |   1 |  581.0 |
        Bailey |   1333 |   1333 |      0 |    359 |     82 |   1 | 1333.0 |
               +--------+--------+--------+--------+--------+-----+--------+

Top non-repeatable levels by time:
     D:7: 1352 daAuts
  Bailey: 1333 daAuts
     D:1: 1072 daAuts
     D:3: 1002 daAuts
    D:10: 833 daAuts
     D:9: 671 daAuts
     D:6: 655 daAuts
     D:4: 640 daAuts
   Orc:2: 618 daAuts
   Orc:1: 612 daAuts
   Sewer: 581 daAuts
     D:2: 567 daAuts
     D:5: 534 daAuts
     D:8: 395 daAuts
  Temple: 364 daAuts
